 Dungeon Crawl Stone Soup version 0.22.1-6-g1668fe2 (webtiles) character file.

229 Fang the Chopper (level 6, -4/38 HPs)
             Began as a Gargoyle Berserker on Jan 17, 2019.
             Was a Priest of Trog.
             Slain by an ogre
             ... wielding a +0 giant spiked club
              (13 damage)
             ... on level 4 of the Dungeon.
             The game lasted 00:05:27 (3211 turns).

Fang the Chopper (Gargoyle Berserker)               Turns: 3211, Time: 00:05:28

Health: -4/38      AC: 10    Str: 22    XL:     6   Next: 3%
Magic:  6/6        EV: 11    Int:  8    God:    Trog [***...]
Gold:   215        SH:  0    Dex:  9    Spells: 5/5 levels left

rFire    + . .     SeeInvis .   a - +0 hand axe
rCold    x . .     Gourm    .   (no shield)
rNeg     + . .     Faith    .   x - +0 ring mail (curse)
rPois    ∞         Spirit   .   (no helmet)
rElec    +         Reflect  .   (no cloak)
rCorr    .         Harm     .   (no gloves)
MR       .....                  (no boots)
Stlth    +.........             o - amulet of inaccuracy (curse)
HPRegen  0.12/turn              n - ring of fire
MPRegen  0.10/turn              (no ring)

@: no status effects
A: negative energy resistance 1, electricity resistance, unbreathing,
petrification resistance, rot immunity, AC +4
a: Berserk, Trog's Hand, Renounce Religion


You were on level 4 of the Dungeon.
You worshipped Trog.
Trog was most pleased with you.
You were very hungry.

You visited 1 branch of the dungeon, and saw 4 of its levels.

You collected 215 gold pieces.

Inventory:

Hand Weapons
 a - a +0 hand axe (weapon)
Armour
 x - a cursed +0 ring mail (worn)
Jewellery
 n - a ring of fire (left hand)
 o - a cursed amulet of inaccuracy (around neck)
Wands
 u - a wand of acid (6)
 v - a wand of digging (8)
Scrolls
 d - 6 scrolls of identify {unknown}
 e - a scroll of magic mapping {unknown}
 g - a scroll of amnesia {unknown}
 h - a scroll of fear {unknown}
 i - a scroll of noise {unknown}
 j - a scroll of teleportation {unknown}
 k - 2 scrolls of remove curse {unknown}
 p - 3 scrolls of random uselessness {unknown}
 q - a scroll of blinking {unknown}
 s - 3 scrolls of enchant armour {unknown}
 t - a scroll of enchant weapon {unknown}
Potions
 b - a potion of lignification {unknown}
 f - a potion of berserk rage {unknown}
 l - 3 potions of curing {unknown}
 m - a potion of flight {unknown}
 r - 2 potions of heal wounds {unknown}
 w - a potion of brilliance {unknown}
Comestibles
 c - 6 rations


   Skills:
 + Level 4.1 Fighting
 + Level 4.5 Axes
 + Level 2.8 Armour
 + Level 2.8 Dodging
 + Level 0.5 Stealth
 + Level 0.1 Unarmed Combat


You had 5 spell levels left.
You didn't know any spells.
Your spell library was empty.

Dungeon Overview and Level Annotations

Branches:
Dungeon (4/15)
 Temple: D:4-7

Altars:
Elyvilon


Innate Abilities, Weirdness & Mutations

You are resistant to torment.
Your stone body is resilient. (AC +4)
You are immune to poison.
You resist negative energy. (rN+)
You are resistant to electric shocks. (rElec)
You can survive without breathing.
You are immune to petrification.
You are immune to rotting.


Message History

There is a stone staircase leading down here.
You climb downwards.
You hear the hiss of flowing sand.
There is an entrance to an ossuary on this level.
Hurry and find it before the The hiss of flowing sand is almost imperceptible now.
A worker ant and an ogre come into view.
The worker ant twitches its antennae in your direction.
Found a stone staircase leading down.
There is a stone staircase leading up here.
You completely miss the worker ant. You barely miss the ogre.
The worker ant bites you.
The ogre hits you with a giant spiked club!!
Ouch! That really hurt!
* * * LOW HITPOINT WARNING * * *
You are too injured to fight recklessly!
You completely miss the worker ant. You closely miss the ogre.
The worker ant closely misses you.
The worker ant bites you but does no damage.
The ogre hits you with a giant spiked club!
You die...

### .. #.
######.###
......a@.#
#####..O..#
........#
####>....#
##...##
##.## #.#
#.#


You could see an ogre and a worker ant.

Vanquished Creatures
  An orc priest (D:3)
  Natasha (twice) (D:3 D:4)
  Robin (D:3)
  2 adders (D:3)
  An ooze (D:1)
  2 worms
  6 dart slugs
  4 leopard geckos
  4 orcs (D:3)
  6 bats
  4 giant cockroaches
  12 hobgoblins
  2 jackals (D:1)
  6 frilled lizards
  13 goblins
  16 kobolds
  14 rats
96 creatures vanquished.

Vanquished Creatures (others)
  An adder (D:2)
  A goblin (D:2)
2 creatures vanquished.

Grand Total: 98 creatures vanquished

Notes
Turn   | Place    | Note
-------+----------+-------------------------------------------
     0 | D:1      | Fang the Gargoyle Berserker began the quest for the Orb.
     0 | D:1      | Reached XP level 1. HP: 14/14 MP: 1/1
    93 | D:1      | Reached XP level 2. HP: 17/19 MP: 2/2
   330 | D:1      | Reached XP level 3. HP: 24/24 MP: 3/3
   404 | D:1      | Reached ** piety under Trog
   848 | D:2      | Reached XP level 4. HP: 25/29 MP: 4/4
  1079 | D:2      | Found a white marble altar of Elyvilon.
  1303 | D:3      | Noticed Robin
  1311 | D:3      | Reached *** piety under Trog
  1320 | D:3      | Killed Robin
  1940 | D:3      | Reached XP level 5. HP: 15/33 MP: 5/5
  2464 | D:3      | Noticed Natasha
  2482 | D:3      | Killed Natasha
  2520 | D:3      | Noticed Natasha
  2551 | D:4      | Killed Natasha
  2551 | D:4      | Reached XP level 6. HP: 5/38 MP: 6/6
  3211 | D:4      | Slain by an ogre

Skill      XL: |  1  2  3  4  5 |
---------------+----------------+-----
Axes           | 3 4 |  4.5
Dodging        | 2 |  2.8
Fighting       | 4 |  4.1
Armour         | |  2.8
Stealth        | |  0.5
Unarmed Combat | |  0.1

Action                   |  1- 3 |  4- 6 || total
-------------------------+-------+-------++-------
Melee: Hand axe          |   131 |   212 ||   343
       Unarmed           |       |    19 ||    19
Invok: Berserk           |       |     3 ||     3
  Eat: Chunk             |       |     9 ||     9
Armor: Animal skin       |    39 |     8 ||    47
       Ring mail         |       |   110 ||   110
Dodge: Dodged            |    75 |   172 ||   247
